 Dungeon Crawl Stone Soup version 0.30.1-9-gdf580d7c3d (webtiles) character file.

Game seed: 16213465185443394917

564 Ivernyr the Shield-Bearer (level 7, -4/55 HPs)
             Began as a Formicid Fighter on Sept 24, 2023.
             Slain by a troll (12 damage)
             ... on level 5 of the Dungeon.
             The game lasted 00:06:35 (4209 turns).

Ivernyr the Shield-Bearer (Formicid Fighter)        Turns: 4209, Time: 00:06:35

Health: -4/55      AC:  7    Str: 22    XL:     7   Next: 58%
Magic:  7/7        EV: 14    Int:  8    God:
Gold:   253        SH:  5    Dex: 13    Spells: 6/6 levels left

rFire   . . .        a - +0 flail
rCold   . . .        c - +0 buckler
rNeg    . . .        b - +0 scale mail
rPois   .            (helmet unavailable)
rElec   .            (no cloak)
rCorr   .            (no gloves)
SInv    +            (no boots)
Will    .....        (no amulet) Stlth
                     p - +5 ring of evasion
HPRegen 0.29/turn    (no ring)
MPRegen 0.10/turn

%: no passive effects
@: no status effects
A: permanent stasis, dig shafts and tunnels, antennae 3, four strong arms
a: Dig, Shaft Self


You were on level 5 of the Dungeon.
You visited 1 branch of the dungeon, and saw 5 of its levels.

You collected 253 gold pieces.

Inventory:

Hand Weapons
 a - a +0 flail (weapon)
Armour
 b - a +0 scale mail (worn)
 c - a +0 buckler (worn)
Jewellery
 k - a ring of flight
 p - a +5 ring of evasion (left hand)
Scrolls
 e - 2 scrolls of magic mapping {unknown}
 f - 5 scrolls of identify {unknown}
 g - 3 scrolls of vulnerability {unknown}
 h - a scroll of torment {unknown}
 i - 4 scrolls of teleportation {unknown}
 l - a scroll of summoning {unknown}
 n - a scroll of fog {unknown}
 q - a scroll of amnesia {unknown}
 r - a scroll of blinking {unknown}
 v - a scroll of brand weapon {unknown}
 w - a scroll of poison {unknown}
 x - a scroll of acquirement {unknown}
Potions
 d - a potion of might
 j - a potion of curing {unknown}
 m - a potion of cancellation {unknown}
 o - a potion of berserk rage {unknown}
 s - 2 potions of flight {unknown}
 t - a potion of heal wounds {unknown}
 u - 2 potions of resistance {unknown}
 z - a potion of mutation {unknown}
 A - 2 potions of invisibility {unknown}
 B - 3 potions of ambrosia {unknown}


   Skills:
 + Level 4.9 Fighting
 * Level 5.1 Maces & Flails
 + Level 4.9 Armour
 + Level 6.0 Shields


You had 6 spell levels left.
You didn't know any spells.
Your spell library was empty.

Dungeon Overview and Level Annotations

Branches:
Dungeon (5/15)
 Temple: D:4-7

Altars:
Elyvilon
Fedhas
Zin
The Shining One

Shops:
D:2 =

Annotations:
D:3 exclusion: oklob plant


Innate Abilities, Weirdness & Mutations

You cannot be hasted, slowed, berserked, paralysed or teleported.
You can dig through walls and to a lower floor.
You have a pair of large antennae on your head. (SInv)
Your four strong arms can wield two-handed weapons with a shield.


Message History

You hit the centaur but do no damage. You block the centaur's attack.
The centaur closely misses you. The centaur misses you.
The centaur closely misses you.
You hit the centaur but do no damage. The centaur closely misses you.
The centaur kicks you.
You hit the centaur.
The centaur is lightly wounded.
The centaur misses you. You block the centaur's attack.
The centaur closely misses you. You block the centaur's attack.
You sock the centaur!
The centaur is severely wounded.
The centaur closely misses you. x2; The centaur hits you.
The centaur closely misses you.
You thump the centaur!
The centaur is almost dead.
You hear the brisk hiss of a very distant avalanche of sand.
The centaur barely misses you. x2
You sock the centaur!
You kill the centaur!
Your Maces & Flails skill increases to level 5!
Your Shields skill increases to level 6!
You see here a +0 shortbow.
You hear the brisk hiss of a distant avalanche of sand.
You sense a monster nearby.
A troll comes into view.
The troll shouts!
The troll bites you! The troll claws you but does no damage.
The troll barely misses you.
You hit the troll.
The troll is lightly wounded.
The troll bites you! The troll closely misses you. The troll barely misses you.
You barely miss the troll.
The troll is lightly wounded.
The troll bites you!
* * * LOW HITPOINT WARNING * * *
The troll claws you!
* * * LOW HITPOINT WARNING * * *
The troll misses you. The troll attacks as you move away! The troll bites you!
You die...

.. .##. #..
.#...#####.#..
#.......#.#
....##.####.#
######### . #.# #.#
#.~~8~~.# #.# #.#
#..~~~..#
#T####.####......#
#.@...........#..#
####............##
#.#.######.###
#.#.# #.#
#.#.######.#
#.#.#......#
########.#)#.####.#
.>.........#.# #.#
########.###.# #.#


You could see a troll.

Vanquished Creatures
  An ogre (D:4)
  A centaur (D:5)
  A scorpion (D:4)
  A sleepcap (D:2)
  An iguana (D:5)
  Natasha (twice) (D:3)
  4 orc wizards
  6 adders
  2 worms (D:2)
  2 dart slugs
  7 orcs
  10 ball pythons
  3 endoplasms
  3 giant cockroaches
  5 hobgoblins
  5 jackals
  4 kobolds
  A quokka (D:4)
  6 bats
  3 frilled lizards
  4 goblins
  11 rats
83 creatures vanquished.

Notes
Turn   | Place    | Note
-------+----------+-------------------------------------------
     0 | D:1      | Ivernyr the Formicid Fighter began the quest for the Orb.
     0 | D:1      | Reached XP level 1. HP: 18/18 MP: 1/1
   164 | D:1      | Reached XP level 2. HP: 23/24 MP: 2/2
   765 | D:2      | Reached XP level 3. HP: 29/29 MP: 3/3
  1113 | D:2      | Found Yntofah's Jewellery Emporium.
  1402 | D:2      | Reached XP level 4. HP: 36/37 MP: 4/4
  1955 | D:3      | Reached XP level 5. HP: 28/42 MP: 5/5
  1967 | D:3      | Reached skill level 5 in Shields
  2181 | D:3      | Reached XP level 6. HP: 48/48 MP: 6/6
  2270 | D:3      | Noticed Natasha
  2278 | D:3      | Killed Natasha
  2729 | D:3      | Noticed Natasha
  2739 | D:3      | Killed Natasha
  2745 | D:3      | Found a blossoming altar of Fedhas.
  2760 | D:3      | Noticed an oklob plant
  3162 | D:4      | Noticed an ogre
  3169 | D:4      | Killed an ogre
  3170 | D:4      | Reached XP level 7. HP: 55/55 MP: 7/7
  3381 | D:4      | Found a glowing silver altar of Zin.
  3381 | D:4      | Found a white marble altar of Elyvilon.
  3382 | D:4      | Found a glowing golden altar of the Shining One.
  3836 | D:5      | Entered Level 5 of the Dungeon
  4139 | D:5      | Reached skill level 5 in Maces & Flails
  4139 | D:5      | Reached skill level 6 in Shields
  4200 | D:5      | Noticed a troll
  4209 | D:5      | Slain by a troll

Illustrated notes

Levels and vault maps discovered:
D:1:      psy_arrival_heroes, layout_basic, hangedman_decor_push
D:2:      layout_basic, serial_shops, shop
D:3:      kennysheep_six_static_rooms, layout_loops_corners, tgw_fedhas,
          uniq_natasha
D:4:      layout_loops_cross, good_gods_temple_1
D:5:      layout_loops_ring, minmay_temple_entry_slanted, serial_shops,
          nicolae_shop_mannequins, nicolae_ossuary_entry_ruins, moated_statue

Skill      XL: |  1  2  3  4  5  6  7 |
---------------+----------------------+-----
Maces & Flails | 3 4 5 |  5.1
Fighting       | 4 |  4.9
Armour         | 4 |  4.9
Shields        | 5 6 |  6.0

Action                     |  1- 3 |  4- 6 |  7- 9 || total
---------------------------+-------+-------+-------++-------
  Melee: Flail             |   110 |   153 |    36 ||   299
 Armour: Scale mail        |    78 |    50 |     7 ||   135
  Dodge: Dodged            |    63 |   120 |    31 ||   214
  Block: Buckler           |    42 |    39 |     9 ||    90
